 Dungeon Crawl Stone Soup version 0.29-a0-557-g43b9904bd1 (webtiles) character file.

Game seed: 3969017287599656106

8606 jlumianski the Cleaver (level 11, -2/59 HPs)
             Began as a Gargoyle Fighter on June 9, 2022.
             Was a Believer of Hepliaklqana.
             Slain by Busisiwe the battlemage
             ... wielding a +0 quarterstaff
             ... created by the player character
              (10 damage)
             ... on level 9 of the Dungeon.
             The game lasted 00:36:17 (9751 turns).

jlumianski the Cleaver (Gargoyle Fighter)           Turns: 9751, Time: 00:36:18

Health: -2/59      AC: 21    Str: 25    XL:     11   Next: 33%
Magic:  15/15      EV: 12    Int:  8    God:    Hepliaklqana [**....]
Gold:   388        SH:  5    Dex: 13    Spells: 8/10 levels left

rFire   . . .      SeeInvis .   a - +0 war axe
rCold   . . .      Faith    .   c - +0 buckler
rNeg    + + .      Spirit   .   s - +5 leather armour of Hedonism {Dex+4 Stlth+}
rPois   ∞          Reflect  .   (no helmet)
rElec   +          Harm     .   (no cloak)
rCorr   .          Rampage  .   t - +0 pair of gloves
Will    +....                   v - +2 pair of boots
Stlth   ++++......              (no amulet)
HPRegen 0.19/turn               f - ring of willpower
MPRegen 0.14/turn               q - ring of positive energy

@: no status effects
A: reduced essence, sickness immunity, AC +8, negative energy resistance 1,
electricity resistance, torment resistance 1, petrification resistance
a: Renounce Religion, Recall Ancestor, Ancestor Identity


You were on level 9 of the Dungeon.
You worshipped Hepliaklqana.
Hepliaklqana was pleased with you.
You visited 1 branch of the dungeon, and saw 10 of its levels.

You collected 577 gold pieces.
You spent 189 gold pieces at shops.

Inventory:

Hand Weapons
 a - a +0 war axe (weapon)
 n - a +2 spear of venom
 F - a +2 vorpal mace
 M - a +4 vorpal spear
Missiles
 h - 279 stones
 k - 25 poisoned darts (quivered)
 D - a boomerang
 E - 5 curare-tipped darts
 I - a throwing net
Armour
 b - a +0 scale mail
 c - a +0 buckler (worn)
 e - a +1 pair of boots
 o - a +0 plate armour
 s - the +5 leather armour of Hedonism (worn) {Dex+4 Stlth+}
   (You found it on level 2 of the Dungeon)

   Dex:       It affects your dexterity (+4).
   Stlth:     It makes you more stealthy.
 t - a +0 pair of gloves (worn)
 v - a +2 pair of boots (worn)
 N - a +0 kite shield
Magical Staves
 K - a staff of poison
Jewellery
 f - a ring of willpower (left hand)
 p - a ring of ice
 q - a ring of positive energy (right hand)
 J - a ring of willpower
Wands
 y - a wand of iceblast (7)
 H - a wand of paralysis (12)
 L - a wand of mindburst (5)
Scrolls
 i - 3 scrolls of amnesia
 j - 4 scrolls of fog
 x - 4 scrolls of poison
 z - 3 scrolls of teleportation
 A - 2 scrolls of immolation
 C - 2 scrolls of identify
 G - a scroll of vulnerability {unknown}
Potions
 d - a potion of might
 g - a potion of cancellation
 l - 2 potions of flight
 m - 3 potions of curing
 r - a potion of resistance
 u - a potion of attraction
 w - 3 potions of degeneration
 B - a potion of lignification


   Skills:
 + Level 6.4 Fighting
 + Level 8.7 Axes
 + Level 0.6(5.9) Maces & Flails
 + Level 0.9 Throwing
 + Level 5.2 Armour
 + Level 4.0 Dodging
 * Level 8.1 Stealth
 + Level 5.3 Shields
 * Level 3.6 Translocations
 * Level 6.0 Invocations
 * Level 5.2 Evocations


You had 8 spell levels left.
You knew the following spells:

 Your Spells              Type           Power      Damage    Failure   Level
a - Blink                 Tloc           10%        N/A       22%         2

Your spell library contained the following spells:

 Spells                   Type           Power      Damage    Failure   Level
 Apportation              Tloc           10%        N/A       14%         1
 Lesser Beckoning         Tloc           5%         N/A       41%         3
 Necrotize                Necr           0%         1d4       54%         1
 Sandblast                Erth           0%         2d4       54%         1
 Summon Small Mammal      Summ           0%         N/A       54%         1
 Passwall                 Tmut/Erth      0%         N/A       67%         2
 Poisonous Vapours        Pois/Air       0%         N/A       67%         2
 Ozocubu's Armour         Ice            0%         N/A       88%         3
 Stone Arrow              Conj/Erth      0%         3d7       88%         3
 Airstrike                Air            0%         N/A       99%         4
 Corpse Rot               Necr/Pois/Air  0%         N/A       99%         4
 Petrify                  Tmut/Erth      0%         N/A       99%         4
 Summon Lightning Spire   Summ/Air       0%         N/A       99%         4
 Manifold Assault         Tloc           5%         N/A       99%         5
 Lightning Bolt           Conj/Air       0%         1d11      100%        5
 Metabolic Englaciation   Hex/Ice        0%         N/A       100%        5
 Ozocubu's Refrigeration  Ice            0%         4d5       100%        7
 Lehudib's Crystal Spear  Conj/Erth      0%         10d2      100%        8
 Shatter                  Erth           0%         3d5*      100%        9
 Statue Form              Tmut/Erth      Unusable   N/A       N/A         6

Dungeon Overview and Level Annotations

Branches:
Dungeon (10/15)            Temple (0/1) D:7
   Lair: D:8-11         Orc: D:9-12

Altars:
Gozag
Hepliaklqana
Qazlal
Ru
Trog
Wu Jian
Yredelemnul

Shops:
D:4 ?


Innate Abilities, Weirdness & Mutations

Your life essence is reduced to manifest your ancestor. (-10% HP)
You are immune to sickness and miasma.
Your stone body is resilient. (AC +8)
You are immune to poison.
You resist negative energy. (rN+)
You are resistant to electric shocks. (rElec)
You are resistant to unholy torment.
You are immune to petrification.


Message History

Things that are here:
a +0 troll leather armour; a troll corpse
k - 24 poisoned darts (gained 1)
k - 25 poisoned darts (gained 1)
A vampire comes into view.
The vampire hits you but does no damage.
The vampire bites you but does no damage.
You hit the vampire but do no damage.
Busisiwe hits the vampire with a +0 quarterstaff!!
The vampire gestures at Busisiwe while chanting.
Busisiwe appears confused.
You hit the vampire but do no damage.
The vampire is severely damaged.
Busisiwe closely misses you.
The vampire casts a spell.
The vampire flickers and vanishes!
Deactivating autopickup; reactivate with Ctrl-A.
Busisiwe closely misses something.
You hit something but do no damage. Something hits you! Something bites you.
* * * LOW HITPOINT WARNING * * *
Something hits you.
* * * LOW HITPOINT WARNING * * *
Something bites you but does no damage.
You slash something! Something hits you but does no damage.
Something bites you but does no damage.
Unknown command.
You closely miss something.
Busisiwe hits herself with a +0 quarterstaff.
Something hits you but does no damage. Something bites you but does no damage.
You slash something!
Reactivating autopickup.
You feel a bit more experienced.
Unknown command.
Unknown command.
Busisiwe hits you with a +0 quarterstaff.
* * * LOW HITPOINT WARNING * * *
Busisiwe hits you but does no damage.
Busisiwe hits herself with a +0 quarterstaff!!
Busisiwe hits you with a +0 quarterstaff!
You die...

.#######))#######.⌠.# ##
.#..#..#)[#..#..#.).#..#
....#........#.........#
...###......###......O##
......†.###[.....###..$..
.........#.....[..# ....
##....#..#).#..#..# ..#
##...#######..#### .#
#...#..#..#..#@?# #
#......#.......R# .
#.....###......###....
##........###.......#
#.........#.........#
##.....#..#..#...#..#
####..#..#######...# ##
#........#..# ...#
##.##.##.....# .....


You could see the friendly Busisiwe the battlemage (confused).

Vanquished Creatures
  A hydra (D:9)
  A two-headed ogre (D:9)
  A hornet (D:7)
  Sigmund (D:5)
  A shadow (D:9)
  A vampire (D:9)
  A wyvern (D:9)
  Eustachio (D:5)
  A yak (D:9)
  A steam dragon (D:6)
  A water moccasin (D:7)
  An orc warrior (D:6)
  A centaur (D:7)
  2 phantoms
  A gnoll sergeant (D:9)
  4 bullfrogs
  A scorpion (D:5)
  6 wights
  3 howler monkeys
  8 hounds
  6 orc priests
  A gnoll shaman (D:9)
  Jessica (D:2)
  2 iguanas
  4 orc wizards
  6 adders
  4 gnolls
  A shadow imp (D:7)
  An ufetubus (D:5)
  A worm (D:3)
  5 dart slugs
  18 orcs
  5 ball pythons
  3 bats
  5 endoplasms
  4 giant cockroaches
  5 hobgoblins
  6 quokkas
  3 frilled lizards
  4 goblins
  9 kobolds
  4 rats
  A spectral hobgoblin (D:6)
137 creatures vanquished.

Vanquished Creatures (collateral kills)
  2 two-headed ogres (D:9)
  A wizard (D:9)
  An ugly thing (D:9)
  A kobold demonologist (D:9)
  A troll (D:9)
  A hornet (D:8)
  A slime creature (D:9)
  A wyvern (D:9)
  2 water moccasins
  A sky beast (D:8)
  A kobold brigand (D:7)
  3 bullfrogs (D:9)
  A gnoll sergeant (D:9)
  3 wights
  2 howler monkeys (D:9)
  2 orc priests (D:9)
  A gnoll shaman (D:9)
  An orc wizard (D:9)
  7 gnolls (D:9)
  An orc (D:7)
34 creatures vanquished.

Vanquished Creatures (others)
  A shadow (D:9)
  4 battlemagi (D:9)
  11 fungi (D:10)
  13 plants (D:10)
29 creatures vanquished.

Grand Total: 200 creatures vanquished

Notes
Turn   | Place    | Note
-------+----------+-------------------------------------------
     0 | D:1      | jlumianski the Gargoyle Fighter began the quest for the
                  | Orb.
     0 | D:1      | Reached XP level 1. HP: 14/14 MP: 1/1
   178 | D:1      | Found a faded altar of an unknown god.
   294 | D:1      | Reached XP level 2. HP: 16/19 MP: 2/2
   718 | D:1      | Reached XP level 3. HP: 23/23 MP: 3/3
   923 | D:2      | Identified the +5 leather armour of Hedonism {Dex+4 Stlth+}
  1452 | D:3      | Noticed Jessica
  1495 | D:2      | Killed Jessica
  1496 | D:2      | Reached XP level 4. HP: 24/28 MP: 4/4
  2562 | D:3      | Reached skill level 1 in Stealth
  2761 | D:3      | Found a stormy altar of Qazlal.
  3197 | D:4      | Found an ornate altar of the Wu Jian Council.
  3256 | D:5      | Entered Level 5 of the Dungeon
  3347 | D:4      | Found Dugh's Magic Scroll Boutique.
  3354 | D:4      | Reached XP level 5. HP: 30/33 MP: 5/5
  3368 | D:4      | Bought a scroll of enchant armour for 105 gold pieces
  3368 | D:4      | Bought a scroll of identify for 28 gold pieces
  3368 | D:4      | Bought a scroll of identify for 28 gold pieces
  3368 | D:4      | Bought a scroll of identify for 28 gold pieces
  3423 | D:5      | Noticed a phantom
  3458 | D:5      | Killed a phantom
  3459 | D:5      | Reached XP level 6. HP: 38/38 MP: 6/6
  3511 | D:4      | You fall into a shaft and drop 2 floors!
  3568 | D:5      | Noticed Eustachio
  3581 | D:5      | Killed Eustachio
  3582 | D:5      | Reached skill level 1 in Dodging
  3585 | D:5      | Reached XP level 7. HP: 36/43 MP: 7/7
  4029 | D:5      | Noticed Sigmund
  4050 | D:5      | Killed Sigmund
  4157 | D:5      | Reached skill level 5 in Axes
  4583 | D:6      | Reached XP level 8. HP: 26/48 MP: 8/8
  4624 | D:6      | Found a hazy altar of Hepliaklqana.
  4638 | D:6      | Became a worshipper of Hepliaklqana the Forgotten
  5026 | D:6      | Reached skill level 1 in Invocations
  5148 | D:6      | HP: 2/48 [steam dragon] (6)]
  5150 | D:6      | Reached skill level 1 in Evocations
  5713 | D:6      | Reached skill level 5 in Fighting
  5856 | D:6      | Reached * piety under Hepliaklqana
  5940 | D:7      | Found an opulent altar of Gozag.
  5959 | D:7      | Reached skill level 5 in Stealth
  5990 | D:7      | Noticed a hornet
  6012 | D:7      | Reached XP level 9. HP: 18/48 MP: 10/10
  6020 | D:7      | Killed a hornet
  6819 | D:7      | Found a staircase to the Ecumenical Temple.
  6932 | D:7      | Reached ** piety under Hepliaklqana
  6933 | D:7      | Remembered your ancestor Busisiwe as a battlemage
  7472 | D:8      | Found a bloodstained altar of Trog.
  7495 | D:8      | Got the Almanac of the Dove
  7552 | D:9      | Learned a level 2 spell: Blink
  7570 | D:9      | Found a basalt altar of Yredelemnul.
  7883 | D:8      | Noticed a hornet
  7896 | D:8      | Killed a hornet
  8086 | D:9      | Reached skill level 1 in Translocations
  8475 | D:9      | Noticed a two-headed ogre
  8489 | D:9      | Killed a two-headed ogre
  8490 | D:9      | Reached XP level 10. HP: 23/54 MP: 11/13
  8497 | D:9      | Noticed a white ugly thing
  8507 | D:9      | Noticed a two-headed ogre
  8508 | D:9      | Killed a white ugly thing
  8513 | D:9      | Reached skill level 5 in Shields
  8756 | D:9      | Killed a two-headed ogre
  8871 | D:9      | Found a sacrificial altar of Ru.
  8891 | D:9      | Noticed a two-headed ogre
  8897 | D:9      | Killed a two-headed ogre
  8898 | D:9      | Reached skill level 5 in Armour
  8898 | D:9      | Reached skill level 5 in Invocations
  8950 | D:9      | Noticed a kobold demonologist
  8958 | D:9      | Killed a kobold demonologist
  8982 | D:9      | Noticed a four-headed hydra
  8994 | D:9      | Killed a four-headed hydra
  8995 | D:9      | Reached XP level 11. HP: 15/57 MP: 15/15
  9011 | D:9      | Noticed a wizard
  9310 | D:10     | Entered Level 10 of the Dungeon
  9606 | D:9      | Reached skill level 5 in Evocations
  9718 | D:9      | Killed a wizard
  9751 | D:9      | Slain by Busisiwe the battlemage

Illustrated notes

Levels and vault maps discovered:
D:1:      sevenhm_arrival_forest_fort_large_2, layout_loops_ring,
          shapermc_ecumenical_altar_ellora
D:2:      layout_basic
D:3:      layout_loops_cross, mainiacjoe_overflow_alcove_1, uniq_jessica
D:4:      layout_rooms, amcnicky_altar_gilded, serial_shops, shop_scrolls
D:5:      layout_cave_pools, uniq_eustachio, uniq_sigmund
D:6:      layout_loops_corners, nicolae_hepliaklqana_monster_ancestors
D:7:      layout_basic, overflow_temple_1_default, minmay_temple_entry_fiery
D:8:      layout_basic, trog_book
D:9:      hangedman_cross_cluster, layout_loops_cross, old_standard_altar,
          hangedman_ru_absence, mainiacjoe_overflow_brackets, minitemple,
          tso_altar
D:10:     gammafunk_mikee_crab_dinner, layout_rooms,
          due_lair_maze_entry_diamond, serial_shops, nicolae_shop_hallway_plus,
          minmay_misc_feat_secret_circle, uniq_psyche, uniq_josephine,
          uniq_grum, uniq_sonja

Skill      XL: |  1  2  3  4  5  6  7  8  9 10 11 |
---------------+----------------------------------+-----
Axes           | 2 3 4 5 6 7 8 |  8.7
Stealth        | 1 2 3 4 5 6 7 8 |  8.1
Armour         | 4 5 |  5.2
Fighting       | 4 5 6 |  6.4
Dodging        | 1 2 3 4 |  4.0
Shields        | 4 5 |  5.3
Invocations    | 2 4 5 6 |  6.0
Evocations     | 2 3 4 5 |  5.2
Translocations | 1 3 |  3.6
Maces & Flails | |  0.6
Throwing       | |  0.9

Action                   |  1- 3 |  4- 6 |  7- 9 | 10-12 || total
-------------------------+-------+-------+-------+-------++-------
Melee: War axe           |    65 |   151 |   277 |    74 ||   567
       Mace              |       |       |       |     8 ||     8
Throw: Dart              |       |     2 |       |     6 ||     8
Invok: Recall Ancestor   |       |       |     1 |     2 ||     3
       Ancestor Life: Ba |       |       |     1 |       ||     1
Evoke: Wand              |       |     2 |     2 |     5 ||     9
  Use: Scroll            |     6 |     8 |     2 |     2 ||    18
       Potion            |     1 |     1 |     1 |     2 ||     5
 Stab: Sleeping          |     2 |     4 |    12 |       ||    18
       Distracted        |       |       |     2 |     1 ||     3
       Paralysed         |       |       |       |     2 ||     2
Armor: Scale mail        |     5 |       |       |       ||     5
       Plate armour      |    22 |       |       |       ||    22
       Leather armour    |    11 |    89 |   158 |    66 ||   324
Dodge: Dodged            |    26 |    76 |   152 |    59 ||   313
Block: Buckler           |    19 |    39 |    74 |    23 ||   155

Table legend: (Time is in decaauts)
 A = Elapsed time spent in this place.
 B = Non-inter-level travel time spent in this place.
 C = Inter-level travel time spent in this place.
 D = Time resting spent in this place.
 E = Time spent auto-exploring this place.
 F = Levels seen in this place.
 G = Mean time per level.
                   A        B        C        D        E       F      G
               +--------+--------+--------+--------+--------+-----+--------+
         Total |   9923 |   9727 |    196 |   1183 |   5297 |  10 |  992.3 |
       Dungeon |   9923 |   9727 |    196 |   1183 |   5297 |  10 |  992.3 |
               +--------+--------+--------+--------+--------+-----+--------+

Top non-repeatable levels by time:
     D:6: 1600 daAuts
     D:8: 1563 daAuts
     D:2: 1155 daAuts
     D:1: 1133 daAuts
     D:7: 1079 daAuts
     D:9: 1046 daAuts
     D:3: 917 daAuts
     D:5: 807 daAuts
     D:4: 604 daAuts
    D:10: 17 daAuts
